AoeStats
← 肥肠拌面

Arena

510738978Analyzed
4v4 RM · 23h ago on Oct 2, 2026· 40m 44s· 8 players
Game mode
Random Map
Map size
Large (8 player)
Population
200
Speed
Normal
Resources
Standard
Victory
Conquest
Starting age
Dark Age
Ending age
Imperial Age
RankedLock teamsTeams togetherTeam positionsShared explorationLock speedFull tech treeHidden civsTurbo modeCheats
Victory
Defeat
🇨🇳 Varangians · China
1611
+11
🇨🇳 Georgians · China
1495
+16
🇨🇳 Franks · China
1365
+21
🇨🇳 Huns · China
1351
+22
🇷🇴 Koreans · Romania
1552
-20
🇬🇧 Danes · United Kingdom
1491
-18
1458
-16
🇹🇷 Aztecs · Türkiye
1442
-16
The_OFLi
9:45 Feudal Age
13:50 Castle Age
12:17 Double-Bit Axe
12:52 Horse Collar
15:45 Wheelbarrow
15:48 Sanctity
15:34 Town Watch
20:10 Fervor
20:58 Bow Saw
21:34 Heavy Plow
21:41 Gold Mining
22:38 Hand Cart
23:07 Stone Mining
25:55 Stone Shaft Mining
28:33 Imperial Age
26:26 Loom
28:26 Scale Mail Armor
28:37 Forging
29:04 Squires
28:50 Gambesons
30:22 Chemistry
28:46 Capped Ram
30:05 Chain Mail Armor
29:13 Pikeman
30:23 Conscription
32:25 Plate Mail Armor
33:14 Iron Casting
33:38 Garland Wars
33:41 Siege Ram
36:41 Siege Engineers
36:05 Eagle Warrior
37:19 Fletching
39:01 Ballistics
40:56 Blast Furnace
Humble Villager
10:43 Feudal Age
12:27 Double-Bit Axe
15:26 Castle Age
13:11 Horse Collar
17:01 Bow Saw
17:47 Heavy Plow
20:39 Wheelbarrow
19:51 Loom
23:06 Fervor
24:25 Hand Cart
25:59 Gold Mining
29:17 Imperial Age
27:16 Scale Mail Armor
27:26 Forging
27:53 Stone Mining
28:16 Squires
28:02 Arson
28:34 Chain Mail Armor
28:29 Forging
28:35 Town Watch
29:43 Stone Shaft Mining
30:29 Gold Shaft Mining
29:29 Pikeman
31:06 Plate Mail Armor
30:22 Elite Varangian Guard
30:57 Fletching
31:43 Iron Casting
31:33 Capped Ram
32:48 Conscription
34:20 Chemistry
33:55 Guard Tower
34:10 Halberdier
36:04 Bodkin Arrow
37:09 Blast Furnace
35:53 Hamask
38:17 Bracer
38:39 Ballistics
39:02 Keep
38:17 Arrowslits
39:30 Siege Ram
潮喜歡說故事的洛洛
5:32 Loom
8:03 Feudal Age
13:33 Double-Bit Axe
14:51 Horse Collar
21:23 Castle Age
22:07 Town Watch
22:59 Wheelbarrow
22:59 Bow Saw
23:09 Town Watch
24:08 Hand Cart
24:08 Heavy Plow
26:40 Town Patrol
27:43 Gold Mining
33:52 Imperial Age
32:11 Fortified Wall
35:26 Forging
36:59 Iron Casting
36:25 Scale Mail Armor
36:37 Arson
36:52 Squires
36:12 Pikeman
36:16 Man-at-Arms
36:41 Gambesons
38:14 Chain Mail Armor
38:59 Blast Furnace
38:05 Long Swordsman
39:30 Plate Mail Armor
38:51 Two-Handed Swordsman
39:39 Champion
Leto Apor
8:51 Feudal Age
13:55 Castle Age
12:07 Double-Bit Axe
14:54 Bow Saw
14:43 Horse Collar
16:00 Wheelbarrow
19:53 Hand Cart
19:25 Loom
19:53 Squires
21:44 Gold Mining
21:43 Town Watch
24:03 Scale Mail Armor
25:00 Forging
25:52 Arson
28:13 Chain Mail Armor
29:37 Iron Casting
34:57 Imperial Age
32:31 Pikeman
37:54 Imperial Age
38:28 Elite Fire Lancer
39:55 Plate Mail Armor
给你一棒槌
5:43 Loom
8:55 Feudal Age
9:01 Man-at-Arms
9:58 Man-at-Arms
12:34 Double-Bit Axe
12:56 Horse Collar
21:21 Castle Age
22:31 Wheelbarrow
22:28 Bow Saw
22:37 Heavy Plow
22:48 Gold Mining
24:10 Stone Mining
27:01 Hand Cart
26:32 Town Watch
32:28 Imperial Age
29:51 Treadmill Crane
30:14 Scale Mail Armor
30:48 Forging
31:16 Chain Mail Armor
31:35 Squires
33:16 Iron Casting
32:31 Capped Ram
32:57 Arson
33:58 Conscription
33:36 Elite Varangian Guard
35:19 Plate Mail Armor
37:05 Blast Furnace
37:38 Gothikon
39:50 Siege Engineers
andfoul
10:57 Feudal Age
11:35 Double-Bit Axe
14:30 Castle Age
12:33 Horse Collar
15:37 Bow Saw
24:11 Wheelbarrow
23:21 Loom
23:37 Stone Mining
24:32 Heavy Plow
25:27 Hand Cart
29:14 Imperial Age
27:09 Gold Mining
27:32 Marauders
27:43 Scale Barding Armor
27:59 Husbandry
28:09 Bloodlines
29:45 Chain Barding Armor
30:11 Elite Tarkan
31:12 Conscription
32:39 Plate Barding Armor
33:13 Forging
34:02 Gold Shaft Mining
34:21 Fletching
34:47 Heavy Cavalry Archer
35:53 Parthian Tactics
35:30 Padded Archer Armor
36:01 Bodkin Arrow
35:34 Light Cavalry
36:52 Iron Casting
36:25 Hussar
39:04 Blast Furnace
40:07 Bracer
40:23 Leather Archer Armor
41:00 Leather Archer Armor
41:07 Ballistics
42:04 Two-Man Saw
小弱鸡
10:28 Feudal Age
14:10 Castle Age
12:08 Double-Bit Axe
12:23 Horse Collar
15:14 Bow Saw
19:20 Loom
19:21 Town Watch
20:12 Wheelbarrow
26:14 Imperial Age
24:41 Heavy Plow
25:04 Svan Towers
24:53 Stone Mining
24:54 Gold Mining
26:02 Fletching
26:36 Murder Holes
27:30 Stone Shaft Mining
26:53 Bodkin Arrow
26:52 Treadmill Crane
28:04 Conscription
29:13 Chemistry
29:58 Bracer
29:35 Capped Ram
30:40 Masonry
29:58 Pikeman
31:29 Arrowslits
32:34 Ballistics
32:40 Guard Tower
34:06 Architecture
33:03 Heavy Cavalry Archer
34:09 Parthian Tactics
34:19 Padded Archer Armor
34:50 Fortified Wall
36:51 Siege Engineers
37:07 Husbandry
37:18 Bloodlines
40:01 Crop Rotation
39:58 Leather Archer Armor
41:26 Keep
肥肠拌面
10:42 Feudal Age
12:06 Double-Bit Axe
14:30 Castle Age
20:28 Bow Saw
22:43 Wheelbarrow
22:49 Wheelbarrow
23:48 Devotion
25:55 Hand Cart
29:09 Loom
29:10 Town Watch
32:01 Imperial Age
30:23 Scale Barding Armor
30:29 Forging
30:32 Husbandry
30:27 Gold Mining
30:27 Stone Mining
31:56 Gold Shaft Mining
32:33 Chain Barding Armor
32:49 Iron Casting
32:42 Chivalry
33:03 Conscription
34:19 Plate Barding Armor
34:06 Town Patrol
33:55 Cavalier
34:53 Paladin
38:52 Blast Furnace
Connection lost

Rejoining the realm…

Still unreachable

The connection could not be restored.

Session expired

The server has moved on; the page needs a fresh start.